 Dungeon Crawl Stone Soup version 0.30-a0-778-g2ef04afb54 (webtiles) character file.

Game seed: 8265617438568788314

46092 Patoropollo the Warrior (level 14, -22/135 HPs)
             Began as a Minotaur Fighter on Feb 15, 2023.
             Was the Champion of the Shining One.
             Killed from afar by a hellephant (83 damage)
             ... with a blast of flame
             ... on level 2 of the Abyss.
             The game lasted 01:11:24 (15062 turns).

Patoropollo the Warrior (Minotaur Fighter)         Turns: 15062, Time: 01:11:24

Health: -22/135    AC: 21    Str: 26    XL:     14   Next: 3%
Magic:  13/13      EV: 11    Int:  5    God:    the Shining One [******]
Gold:   492        SH: 23    Dex: 10    Spells: 13/13 levels left

rFire   . . .      SeeInvis .    L - +1 sacred scourge (holy)
rCold   + + .      Faith    .    v - +6 tower shield
rNeg    + + +      Spirit   .    l - +0 ice dragon scales
rPois   .          Reflect  .    (helmet restricted)
rElec   .          Harm     .    q - +0 cloak
rCorr   .          Rampage  .    p - +0 pair of gloves
Will    ++...                    i - +2 pair of boots Stlth
                                 (no amulet)
HPRegen 0.42/turn                r - ring of protection from fire
MPRegen 0.13/turn                w - ring of willpower

@: glowing
A: horns 2, retaliatory headbutt
a: Renounce Religion, Divine Shield, Cleansing Flame, Summon Divine Warrior


You were on level 2 of the Abyss.
You worshipped the Shining One.
The Shining One was exalted by your worship.
You visited 3 branches of the dungeon, and saw 16 of its levels.
You visited the Abyss 1 time.
You also visited: Ossuary and Bailey.

You collected 1034 gold pieces.
You spent 542 gold pieces at shops.

Inventory:

Hand Weapons
 a - a +0 heavy flail
 E - a +5 flail of flaming
 L - a +1 sacred scourge of holy wrath (weapon)
Armour
 i - a +2 pair of boots (worn)
 l - +0 ice dragon scales (worn)
 p - a +0 pair of gloves (worn)
 q - a +0 cloak (worn)
 v - a +6 tower shield (worn)
Jewellery
 m - a ring of magical power
 r - a ring of protection from fire (left hand)
 w - a ring of willpower (right hand)
 C - an amulet of magic regeneration
 D - a +4 ring of protection
Wands
 c - a wand of quicksilver (7)
 n - a wand of paralysis (8)
 y - a wand of mindburst (7)
 F - a wand of digging (4)
 G - a wand of roots (6)
Scrolls
 b - 4 scrolls of poison
 f - 2 scrolls of blinking
 h - 2 scrolls of immolation
 s - 3 scrolls of silence
 u - 3 scrolls of teleportation
 H - 5 scrolls of identify
 I - 2 scrolls of amnesia
 J - a scroll of magic mapping
 K - a scroll of fear
Potions
 e - 2 potions of berserk rage
 g - 2 potions of mutation {unknown}
 j - 3 potions of lignification
 k - a potion of resistance {unknown}
 o - 7 potions of curing
 t - 6 potions of attraction
 x - 2 potions of brilliance
 z - 2 potions of haste
 A - 3 potions of invisibility
 B - a potion of cancellation {unknown}


   Skills:
 + Level 15.2 Fighting
 - Level 12.0 Maces & Flails
 + Level 13.5 Armour
 + Level 12.0 Dodging
 + Level 13.5 Shields


You had 13 spell levels left.
You didn't know any spells.
Your spell library contained the following spells:

 Spells                   Type           Power      Damage    Failure   Level
 Apportation              Tloc           0%         N/A       99%         1
 Call Canine Familiar     Summ           0%         N/A       100%        3
 Inner Flame              Hex/Fire       0%         N/A       100%        3
 Portal Projectile        Hex/Tloc       0%         N/A       100%        3
 Summon Guardian Golem    Hex/Summ       0%         N/A       100%        3
 Flame Wave               Conj/Fire      0%         2d4       100%        4
 Leda's Liquefaction      Hex/Erth       0%         N/A       100%        4
 Passage of Golubria      Tloc           0%         N/A       100%        4
 Sticky Flame             Conj/Fire      0%         2d3       100%        4
 Alistair's Intoxication  Tmut/Pois      0%         N/A       100%        5
 Silence                  Hex/Air        0%         N/A       100%        5
 Orb of Destruction       Conj           0%         9d5       100%        7
 Spellforged Servitor     Conj/Summ      0%         N/A       100%        7
 Lehudib's Crystal Spear  Conj/Erth      0%         10d2      100%        8


Dungeon Overview and Level Annotations

Branches:
Dungeon (12/15)            Temple (1/1) D:5            Lair (3/5) D:10
 Shoals (0/4) Lair:2        Snake (0/4) Lair:2          Orc (0/2) D:10
Ossuary (visited)          Bailey (visited)

Altars:
Ashenzari
Cheibriados
Dithmenos
Elyvilon
Fedhas
Gozag
Hepliaklqana
Kikubaaqudgha
Makhleb
Nemelex Xobeh
Okawaru
Qazlal
Ru
Sif Muna
Trog
Uskayaw
Vehumet
Wu Jian
Xom
Yredelemnul
Zin
The Shining One

Shops:
D:7 (   D:10 =*[*[

Annotations:
Lair:1 2 transporters
Lair:3 Sonja


Innate Abilities, Weirdness & Mutations

You have a pair of horns on your head.
You reflexively headbutt those who attack you in melee.


Message History

Your transformation is almost over.
The orange demon stings you from afar.
You are poisoned.
The orange demon poisons you!
You feel very sick.
The orange demon stings you but does no damage.
You feel better. You block the orange demon's attack.
You cannot move.
The orange demon stings you but does no damage.
The hellephant blinks!
You block the orange demon's attack. The orange demon stings you from afar!
You block the orange demon's attack. You block the orange demon's attack.
The orange demon stings you but does no damage.
You feel less wooden.
Your +0 cloak unmelds from your body.
Your +0 pair of gloves unmelds from your body.
Your +2 pair of boots unmelds from your body.
Your +0 ice dragon scales unmelds from your body.
The orange demon stings you but does no damage.
You block the orange demon's attack.
A small abomination comes into view.
You block the orange demon's attack. x2
You whack the orange demon!
The orange demon convulses!!
You headbutt the orange demon!
The orange demon is almost dead.
You block the orange demon's attack. The orange demon closely misses you.
You hit the orange demon.
The orange demon convulses.
The orange demon is almost dead.
You hit the hellephant but do no damage.
You headbutt the hellephant!
The hellephant is severely wounded.
You hit the hellephant.
The hellephant convulses.
The hellephant is severely wounded.
You block the orange demon's attack. The hellephant breathes flames at you.
The blast of flame hits you!!!!
Ouch! That really hurt!
You die...

. . ##
##....#
#.### #
..##
##..# #
#.#. . ..
#@# ..# .
###
#Y###.#.
# ....
†.4. .
... #..
..##..##.
#.. .. .
.... ..
.....
....
#..##..
4.##..#
#.. # . #
..#


You could see a hellephant (catching breath) and an orange demon.

Vanquished Creatures
  A lich (Abyss:2)
  Gastronok (Lair:1)
  A ghoul (Abyss:2)
  An orc warlord (Bailey)
  The ghost of IdlyInterested the Bludgeoner, a journeyman DsGl (D:11)
  2 catoblepae
  Erolcha (D:11)
  A boulder beetle (D:12)
  A tengu warrior (D:11)
  10 two-headed ogres
  A thrashing horror (Abyss:2)
  Amaemon (Lair:2)
  An iron giant zombie (Abyss:2)
  4 cyclopes
  4 manticores
  A merfolk siren (Lair:2)
  A moth of wrath (D:11)
  2 black mambas (Lair:3)
  A demonic crawler (Abyss:2)
  Joseph (D:7)
  3 torpor snails (Lair:3)
  2 cane toads
  2 orange demons
  A rime drake (Lair:3)
  3 komodo dragons
  2 unseen horrors (D:12)
  A kobold demonologist (D:12)
  2 ancient zymes (Abyss:2)
  5 trolls
  A hellwing (Abyss:2)
  Prince Ribbit (D:7)
  A hornet (D:10)
  5 raiju (Abyss:2)
  2 large abominations (Abyss:2)
  5 blink frogs (Lair:1)
  A ynoxinul (Abyss:2)
  A shadow (D:11)
  2 wraiths
  Eustachio (D:4)
  A basilisk (Lair:2)
  A wyvern (D:10)
  18 yaks
  2 steam dragons (D:8)
  5 nagas (Lair:2)
  7 water moccasins
  An ice beast (D:6)
  10 orc warriors
  5 wolves (Lair:1)
  A sky beast (D:7)
  3 black bears
  2 ogres
  4 centaurs
  4 kobold brigands
  3 necrophages
  6 bullfrogs
  4 gnoll sergeants
  2 water moccasin zombies (Ossuary)
  4 scorpions
  14 wights
  2 small abominations (Abyss:2)
  13 killer bees
  2 electric eels (D:10)
  4 orc priests
  5 hounds
  An iron imp (Abyss:2)
  3 jellies
  2 iguanas
  4 orc wizards
  6 hell rats (Lair:2)
  2 mummies (Ossuary)
  Robin (D:4)
  22 gnolls
  8 adders
  3 shadow imps
  A white imp (Abyss:2)
  2 ufetubi (D:5)
  3 adder zombies (Ossuary)
  A worm (D:3)
  2 dart slugs
  45 orcs
  6 bats
  8 endoplasms
  2 giant cockroaches
  6 gnoll zombies (Ossuary)
  28 goblins
  11 hobgoblins
  3 jackals (D:3)
  38 kobolds
  A quokka (D:2)
  2 ball pythons
  2 frilled lizards (D:2)
  3 hobgoblin zombies (Ossuary)
  A kobold zombie (Ossuary)
  6 orc zombies (Ossuary)
  7 rats
431 creatures vanquished.

Vanquished Creatures (others)
  22 fungi
  33 plants
55 creatures vanquished.

Grand Total: 486 creatures vanquished

Notes
Turn   | Place    | Note
-------+----------+-------------------------------------------
     0 | D:1      | Patoropollo the Minotaur Fighter began the quest for the
                  | Orb.
     0 | D:1      | Reached XP level 1. HP: 19/19 MP: 0/0
   147 | D:1      | Reached XP level 2. HP: 27/27 MP: 1/1
   540 | D:1      | Found a faded altar of an unknown god.
   696 | D:2      | Reached skill level 1 in Dodging
   725 | D:2      | Reached skill level 4 in Fighting
   725 | D:2      | Reached XP level 3. HP: 33/33 MP: 2/2
  1064 | D:2      | Reached XP level 4. HP: 40/40 MP: 3/3
  2054 | D:3      | Reached XP level 5. HP: 39/47 MP: 4/4
  2401 | D:4      | Noticed Robin
  2437 | D:4      | Killed Robin
  2519 | D:4      | Noticed Eustachio
  2557 | D:4      | Killed Eustachio
  2558 | D:4      | Reached skill level 5 in Fighting
  2558 | D:4      | Reached skill level 5 in Armour
  2558 | D:4      | Reached skill level 5 in Shields
  2558 | D:4      | Reached XP level 6. HP: 29/56 MP: 5/5
  3102 | D:4      | Identified the +5 falchion of Sunlight {heavy, Str+2}
  3216 | D:5      | Entered Level 5 of the Dungeon
  3218 | D:5      | Found a staircase to the Ecumenical Temple.
  3226 | Temple   | Entered the Ecumenical Temple
  3238 | Temple   | Became a worshipper of the Shining One
  3342 | D:5      | Reached XP level 7. HP: 49/60 MP: 6/6
  3497 | D:5      | Identified the +2 scale mail of Keti {Str+4}
  3742 | D:5      | Reached skill level 5 in Maces & Flails
  4304 | D:6      | Reached skill level 6 in Fighting
  4351 | D:6      | Reached XP level 8. HP: 64/70 MP: 7/7
  4506 | D:6      | Found a snail-covered altar of Cheibriados.
  4507 | D:6      | Found a shadowy altar of Dithmenos.
  4551 | D:6      | Found a sand-covered staircase.
  4564 | Ossuary  | Entered an ossuary
  4611 | Ossuary  | Reached * piety under the Shining One
  4666 | Ossuary  | Reached ** piety under the Shining One
  4866 | D:6      | Reached skill level 5 in Dodging
  5152 | D:7      | Noticed a cyclops
  5153 | D:7      | Reached *** piety under the Shining One
  5214 | D:7      | Noticed Prince Ribbit
  5219 | D:7      | Killed Prince Ribbit
  5220 | D:7      | Reached skill level 7 in Fighting
  5220 | D:7      | Noticed Joseph
  5228 | D:6      | Reached XP level 9. HP: 59/79 MP: 8/8
  5250 | D:7      | Killed Joseph
  5344 | D:7      | Killed a cyclops
  5345 | D:7      | Reached skill level 8 in Fighting
  5512 | D:7      | Found Jehalij's Weapon Boutique.
  5641 | D:7      | Identified the +0 robe of Melancholy {rF+ Int+3 Dex-2}
  6491 | D:8      | Found a radiant altar of Vehumet.
  6522 | D:8      | Reached XP level 10. HP: 90/90 MP: 9/9
  6904 | D:9      | Noticed a two-headed ogre
  6910 | D:9      | Killed a two-headed ogre
  6918 | D:9      | Noticed a two-headed ogre
  6929 | D:9      | Killed a two-headed ogre
  6930 | D:9      | Reached skill level 9 in Fighting
  6939 | D:9      | Found a flagged portal.
  6961 | Bailey   | Entered a bailey
  7001 | Bailey   | Noticed an orc warlord
  7095 | Bailey   | Found a runed translucent gate.
  7096 | Bailey   | Found a runed translucent gate.
  7098 | Bailey   | Found a runed translucent gate.
  7205 | Bailey   | Killed an orc warlord
  7355 | Bailey   | Reached skill level 12 in Fighting
  7355 | Bailey   | Reached XP level 11. HP: 104/104 MP: 10/10
  7531 | D:9      | Reached **** piety under the Shining One
  8461 | D:10     | Entered Level 10 of the Dungeon
  8499 | D:10     | Reached skill level 10 in Armour
  8706 | D:10     | Found Giluth's Armour Shoppe.
  8708 | D:10     | Found Ydemefya's Assorted Antiques.
  8709 | D:10     | Found Idwinaimp's Jewellery Shop.
  8710 | D:10     | Found Vaeruzoa's Assorted Antiques.
  8710 | D:10     | Found Mabbuats's Antique Armour Shoppe.
  8723 | D:10     | Bought a scroll of enchant armour for 232 gold pieces
  8723 | D:10     | Bought a potion of heal wounds for 155 gold pieces
  8723 | D:10     | Bought a potion of heal wounds for 155 gold pieces
  8853 | D:10     | Reached skill level 10 in Shields
  8853 | D:10     | Reached XP level 12. HP: 113/113 MP: 11/11
  9022 | D:10     | Found a staircase to the Lair.
  9090 | D:10     | Noticed a two-headed ogre
  9094 | D:10     | Noticed a two-headed ogre
  9096 | D:10     | Killed a two-headed ogre
  9101 | D:10     | Killed a two-headed ogre
  9191 | D:10     | Found a staircase to the Orcish Mines.
  9301 | D:10     | Found a hazy altar of Hepliaklqana.
  9997 | D:11     | Noticed a two-headed ogre
 10003 | D:11     | Killed a two-headed ogre
 10160 | D:11     | Noticed a two-headed ogre
 10167 | D:11     | Killed a two-headed ogre
 10278 | D:11     | Reached skill level 13 in Fighting
 10389 | D:11     | Noticed Erolcha
 10399 | D:11     | Killed Erolcha
 10606 | D:11     | Found a transporter.
 10608 | D:11     | Found a transporter.
 10608 | D:11     | Noticed a two-headed ogre
 10612 | D:11     | Found a bloodstained altar of Trog.
 10612 | D:11     | Noticed IdlyInterested's ghost (journeyman DsGl)
 10612 | D:11     | Reached ***** piety under the Shining One
 10754 | D:11     | Noticed a two-headed ogre
 10757 | D:11     | Killed a two-headed ogre
 10963 | D:11     | Noticed a tengu warrior
 11124 | D:11     | Killed a tengu warrior
 11126 | D:11     | HP: 2/115 [moth of wrath (13)]
 11149 | D:11     | Killed IdlyInterested's ghost
 11151 | D:11     | Killed a two-headed ogre
 11152 | D:11     | Reached skill level 10 in Dodging
 11364 | D:12     | Found a white marble altar of Elyvilon.
 11364 | D:12     | Noticed a boulder beetle
 11395 | D:12     | Killed a boulder beetle
 11440 | D:12     | Noticed a two-headed ogre
 11447 | D:12     | Killed a two-headed ogre
 11448 | D:12     | Reached XP level 13. HP: 123/123 MP: 12/12
 11895 | D:12     | Reached skill level 14 in Fighting
 12366 | Lair:1   | Entered Level 1 of the Lair of Beasts
 12571 | Lair:1   | Found a transporter.
 12619 | Lair:1   | Found a transporter.
 12802 | Lair:1   | Identified the +0 chain mail of Depression {rF- MP-9 Int+9
                  | Dex+6}
 12920 | Lair:1   | Noticed Gastronok
 12931 | Lair:1   | Killed Gastronok
 13378 | Lair:2   | Noticed Amaemon
 13412 | Lair:2   | Killed Amaemon
 13828 | Lair:2   | Found a staircase to the Snake Pit.
 13935 | Lair:2   | Found a staircase to the Shoals.
 14569 | Lair:3   | Found a snail-covered altar of Cheibriados.
 14640 | Lair:3   | Noticed Sonja
 14671 | Abyss:2  | Cast into level 2 of the Abyss (Sonja)
 14675 | Abyss:2  | Noticed a ghoul
 14695 | Abyss:2  | Killed a ghoul
 14794 | Abyss:2  | Reached skill level 15 in Fighting
 14797 | Abyss:2  | Reached ****** piety under the Shining One
 14819 | Abyss:2  | Identified a +1 sacred scourge of holy wrath (a -1 demon
                  | whip of venom blessed by the Shining One)
 14819 | Abyss:2  | Received a gift from the Shining One
 14819 | Abyss:2  | Noticed a dread lich
 14899 | Abyss:2  | Found a corrupted altar of Lugonu.
 15015 | Abyss:2  | Noticed a lich
 15019 | Abyss:2  | Noticed a hellephant
 15035 | Abyss:2  | Killed a lich
 15036 | Abyss:2  | Reached XP level 14. HP: 135/135 MP: 13/13
 15062 | Abyss:2  | Killed from afar by a hellephant

Illustrated notes

Levels and vault maps discovered:
D:1:      dpeg_arrival_oval, layout_basic, ebering_ecumenical_altar_sacrificial
D:2:      layout_rooms
D:3:      layout_loops_corners, kennysheep_generic_room_6
D:4:      kennysheep_the_goblin_king, layout_gridville, uniq_robin,
          uniq_eustachio
D:5:      layout_basic, minmay_temple_entry_hall
D:6:      layout_basic, nicolae_overflow_squiral, enter_ossuary_1,
          kennysheep_small_circle
D:7:      layout_cave_pools, serial_shops, nicolae_shop_bloodbath_and_beyond,
          minmay_holes, uniq_prince_ribbit1, uniq_joseph
D:8:      layout_basic, vehumet_crystals, st_stairs_13
D:9:      layout_layer_cave, enter_bailey_5
D:10:     layout_basic, mainiacjoe_overflow_catwalk,
          grunt_lair_entry_orc_guard_hut, david_orc_2, serial_bayou,
          serial_bayou_pond_c, serial_bayou_pond_a, serial_bayou_pond_a,
          serial_bayou_ford_a, grunt_ministairs_5, nicolae_wooded_promenade
D:11:     layout_loops_corners, gammafunk_ghost_wrathful_warriors, uniq_erolcha
D:12:     layout_loops_corners, elyvilon_altar_3
Temple:   nicolae_temple_no_exploring_needed
Lair:1:   gammafunk_worm_tunnel, layout_chaotic_city, wad_woods_river_04,
          uniq_gastronok
Lair:2:   layout_cave_pods, minmay_shoals_entry_lonely_mermaid,
          minmay_snake_entry_guardpost_medium, uniq_amaemon
Lair:3:   layout_hall_layers, kennysheep_snail_temple, uniq_sonja
Abyss:2:  base: D:8, evilmike_abyss_exit_chaos, hangedman_classic_abyss_death

Skill      XL: |  1  2  3  4  5  6  7  8  9 10 11 12 13 |
---------------+----------------------------------------+-----
Dodging        | 1 2 3 4 5 6 8 10 12 | 12.0
Fighting       | 4 5 6 7 8 12 13 15 | 15.2
Armour         | 4 5 6 7 8 9 10 11 13 | 13.5
Shields        | 4 5 6 7 8 9 10 11 13 | 13.5
Maces & Flails | 3 4 5 6 8 11 12 | 12.0

Action                     |  1- 3 |  4- 6 |  7- 9 | 10-12 | 13-15 || total
---------------------------+-------+-------+-------+-------+-------++-------
  Melee: Flail             |    81 |   166 |   200 |   359 |   275 ||  1081
         Headbutt          |     6 |    19 |    44 |    87 |   100 ||   256
         Sacred scourge    |       |       |       |       |    60 ||    60
 Invoke: Brand Weapon With |       |       |       |       |     1 ||     1
    Use: Potion            |       |     3 |     2 |     8 |     5 ||    18
         Scroll            |       |       |    18 |    11 |       ||    29
 Armour: Scale mail        |    52 |   100 |    71 |       |       ||   223
         Ice dragon scales |       |       |    12 |   140 |    81 ||   233
         Skin              |       |       |       |       |     9 ||     9
  Dodge: Dodged            |    34 |   103 |    93 |   109 |    74 ||   413
  Block: Buckler           |    13 |    53 |    33 |       |       ||    99
         Tower shield      |       |       |    60 |   397 |   312 ||   769

Table legend: (Time is in decaauts)
 A = Elapsed time spent in this place.
 B = Non-inter-level travel time spent in this place.
 C = Inter-level travel time spent in this place.
 D = Time resting spent in this place.
 E = Time spent auto-exploring this place.
 F = Levels seen in this place.
 G = Mean time per level.
                   A        B        C        D        E       F      G
               +--------+--------+--------+--------+--------+-----+--------+
         Total |  15408 |  14738 |    670 |      0 |  11202 |  19 |  810.9 |
       Dungeon |  11900 |  11366 |    534 |      0 |   8975 |  12 |  991.7 |
        Temple |     19 |      2 |     17 |      0 |      0 |   1 |   19.0 |
          Lair |   2359 |   2240 |    119 |      0 |   1849 |   3 |  786.3 |
         Abyss |    383 |    383 |      0 |      0 |      0 |   1 |  383.0 |
       Ossuary |    266 |    266 |      0 |      0 |    158 |   1 |  266.0 |
        Bailey |    479 |    479 |      0 |      0 |    218 |   1 |  479.0 |
               +--------+--------+--------+--------+--------+-----+--------+

Top non-repeatable levels by time:
    D:11: 1556 daAuts
    D:10: 1398 daAuts
  Lair:2: 1226 daAuts
     D:9: 1188 daAuts
     D:5: 1063 daAuts
     D:3: 1043 daAuts
     D:8: 1012 daAuts
    D:12: 1007 daAuts
     D:4: 927 daAuts
  Lair:1: 911 daAuts
     D:7: 708 daAuts
     D:1: 700 daAuts
     D:6: 688 daAuts
     D:2: 606 daAuts
  Bailey: 479 daAuts
